 Dungeon Crawl Stone Soup version 0.24-a0-184-gcb5ae2c (webtiles) character file.

Game seed: 17808286079137616789

768 Dfrag the Firebug (level 7, -1/55 HPs)
             Began as a Naga Fire Elementalist on Mar 16, 2019.
             Was an Initiate of Vehumet.
             Slain by a gnoll
             ... wielding a +0 club
              (3 damage)
             ... on level 5 of the Dungeon.
             The game lasted 00:05:42 (3818 turns).

Dfrag the Firebug (Naga Fire Elementalist)          Turns: 3818, Time: 00:05:43

Health: -1/55      AC:  2    Str: 10    XL:     7   Next: 82%
Magic:  8/14       EV: 10    Int: 23    God:    Vehumet [......]
Gold:   148        SH:  0    Dex: 11    Spells: 7/15 levels left

rFire    . . .     SeeInvis +   n - +0 rapier (curse)
rCold    . . .     Gourm    .   (no shield)
rNeg     + . .     Faith    .   u - -2 robe (curse)
rPois    +         Spirit   .   p - +0 hat
rElec    .         Reflect  .   (no cloak)
rCorr    .         Harm     .   v - +0 pair of gloves
MR       .....                  (no barding)
Stlth    ++........             (no amulet)
HPRegen  0.18/turn              o - ring of positive energy
MPRegen  0.14/turn              (no ring)

@: brilliant, very slow
A: large, see invisible, deformed body, poison resistance, slowness 2, slow
metabolism 1, spit poison 1, AC +2
a: Spit Poison, Renounce Religion


You were on level 5 of the Dungeon.
You worshipped Vehumet.
Vehumet was noncommittal.
You were hungry.

You visited 1 branch of the dungeon, and saw 5 of its levels.

You collected 148 gold pieces.

Inventory:

Hand Weapons
 d - a +1 dagger of protection
 g - a +4 short sword
 n - a cursed +0 rapier (weapon)
Armour
 a - a +0 robe
 p - a +0 hat (worn)
 u - a cursed -2 robe (worn)
 v - a +0 pair of gloves (worn)
Jewellery
 o - a ring of positive energy (left hand)
 q - an uncursed ring of wizardry
Scrolls
 b - 4 scrolls of enchant weapon
 j - 4 scrolls of fog
 m - a scroll of fear {unknown}
Potions
 f - a potion of flight {unknown}
 h - a potion of berserk rage {unknown}
 i - 2 potions of curing {unknown}
 k - a potion of lignification {unknown}
 l - a potion of invisibility {unknown}
 r - 2 potions of agility {unknown}
 s - a potion of ambrosia {unknown}
 t - a potion of heal wounds {unknown}
Comestibles
 c - 11 rations


   Skills:
 - Level 1.5 Dodging
 - Level 3.0 Stealth
 + Level 4.8 Spellcasting
 + Level 4.8 Conjurations
 + Level 5.7 Fire Magic


You had 7 spell levels left.
You knew the following spells:

 Your Spells              Type           Power        Failure   Level  Hunger
a - Flame Tongue          Conj/Fire      #####        1%          1    None
b - Conjure Flame         Conj/Fire      #####...     1%          3    ##.....
c - Sticky Flame          Conj/Fire      #####...     1%          4    ####...

Your spell library contained the following spells:

 Spells                   Type           Power        Failure   Level  Hunger
 Throw Flame              Conj/Fire      #####.       1%          2    None
 Inner Flame              Hex/Fire       ####....     1%          3    ##.....
 Fireball                 Conj/Fire      #####.....   3%          5    #####..


Dungeon Overview and Level Annotations

Branches:
Dungeon (5/15)             Temple (0/1) D:5

Altars:
Ashenzari
Fedhas
Vehumet

Shops:
D:4 }


Innate Abilities, Weirdness & Mutations

You cannot wear boots.
Your serpentine skin is tough. (AC +2)
You have supernaturally acute eyesight. (SInv)
Armour fits poorly on your strangely shaped body.
Your system is resistant to poisons. (rPois)
You cover ground very slowly.
You have a slow metabolism.
You can spit poison.


Message History

Aim: a gnoll, wielding a +0 club (moderately wounded)
The splash of poison hits the gnoll.
The gnoll is severely wounded.
You feel slightly more hungry. The gnoll hits you with a +0 club.
The gnoll hits you from afar with a +0 halberd.
The giant cockroach bites you.
Unknown command.
The giant cockroach is engulfed in blazing flames.
The giant cockroach dies!
The gnoll hits you with a +0 club.
* * * LOW HITPOINT WARNING * * *
The gnoll barely misses you.
The gnoll hits you from afar with a +0 halberd!
* * * LOW HITPOINT WARNING * * *
There are monsters nearby!
It was a potion of brilliance.
You feel clever all of a sudden.
You have got your breath back.
The gnoll hits you with a +0 club.
You die...

+......#...# #......#...#
#####..>...#...# ...........#g..#
.. ...........#...# ..
...........#...# .. .
..##.#.°..○#..# .#
......#....##+#gg.°....##.#
#.....#....$..@.._........#
#.....#.........☼○°.......#
#.....#............°......#
#.....#........#..........#
###.....##########..........#
........#.......##[..##.....# ##
........'.......##...##.....##...
.)..<...#........#...............
........#........#............>..


You could see 2 gnolls.

Vanquished Creatures
  2 phantoms
  An ogre (D:4)
  A scorpion (D:4)
  A howler monkey (D:5)
  A hound (D:4)
  A centaur skeleton (D:4)
  An orc priest (D:4)
  4 orc wizards (D:4)
  2 iguanas (D:4)
  A worker ant (D:4)
  9 adders
  2 gnolls (D:5)
  An ooze (D:1)
  2 adder skeletons
  A worm (D:3)
  3 dart slugs
  3 leopard geckos
  12 orcs
  5 giant cockroaches
  7 goblins
  4 hobgoblins
  6 jackals
  A quokka (D:4)
  5 ball pythons
  9 bats
  6 frilled lizards
  4 kobolds (D:1)
  A leopard gecko skeleton (D:4)
  12 rats
108 creatures vanquished.

Vanquished Creatures (others)
  A giant cockroach (D:5)
  A butterfly (D:5)
2 creatures vanquished.

Grand Total: 110 creatures vanquished

Notes
Turn   | Place    | Note
-------+----------+-------------------------------------------
     0 | D:1      | Dfrag the Naga Fire Elementalist began the quest for the
                  | Orb.
     0 | D:1      | Reached XP level 1. HP: 15/15 MP: 3/3
   169 | D:1      | Reached XP level 2. HP: 22/22 MP: 5/5
   385 | D:1      | Found a shattered altar of Ashenzari.
   553 | D:1      | Reached XP level 3. HP: 27/28 MP: 0/6
   805 | D:2      | Reached XP level 4. HP: 23/36 MP: 0/8
  1374 | D:3      | Reached skill level 4 in Fire Magic
  1409 | D:3      | Reached XP level 5. HP: 42/42 MP: 9/9
  1416 | D:3      | Learned a level 3 spell: Conjure Flame
  1428 | D:3      | Learned a level 4 spell: Sticky Flame
  1972 | D:3      | Found a blossoming altar of Fedhas.
  2422 | D:4      | Reached XP level 6. HP: 49/49 MP: 5/11
  2564 | D:4      | Found Wil Sago's Gadget Boutique.
  2838 | D:4      | Reached skill level 5 in Fire Magic
  2896 | D:4      | Noticed a phantom
  2918 | D:4      | Killed a phantom
  2918 | D:4      | Reached XP level 7. HP: 40/55 MP: 4/13
  3706 | D:5      | Entered Level 5 of the Dungeon
  3734 | D:5      | Found a radiant altar of Vehumet.
  3746 | D:5      | Found a staircase to the Ecumenical Temple.
  3748 | D:5      | Became a worshipper of Vehumet
  3816 | D:5      | HP: 1/55 [gnoll/+0 halberd (10)]
  3818 | D:5      | Slain by a gnoll

Levels and vault maps discovered:
D:1:      matt_arrival_spirals, layout_basic, st_stairs_11,
          evilmike_ruin_ashenzari
D:2:      layout_basic
D:3:      layout_rooms, first_ration, fedhas_altar_fruit_tree
D:4:      layout_gridville, serial_shops, shop
D:5:      layout_gridville, fiery_altar_vehumet,
          minmay_temple_entry_butterflies, serial_shops, shop, uniq_grinder,
          uniq_sigmund

Skill      XL: |  1  2  3  4  5  6 |
---------------+-------------------+-----
Conjurations   | 2 3 4 |  4.8
Spellcasting   | 3 4 |  4.8
Fire Magic     | 4 5 |  5.7
Dodging        | |  1.5
Stealth        | |  3.0

Action                   |  1- 3 |  4- 6 |  7- 9 || total
-------------------------+-------+-------+-------++-------
Melee: Unarmed           |     1 |       |       ||     1
       Dagger            |    28 |     1 |       ||    29
       Rapier            |       |    30 |    14 ||    44
 Cast: Flame Tongue      |    29 |    64 |    33 ||   126
       Sticky Flame      |       |     6 |     5 ||    11
 Abil: Spit Poison       |    28 |    32 |     6 ||    66
  Use: Scroll            |       |       |     3 ||     3
       Potion            |       |       |     1 ||     1
  Eat: Chunk             |       |    10 |     3 ||    13
Armor: Robe              |    16 |    19 |     1 ||    36
Dodge: Dodged            |    42 |    45 |    20 ||   107

Table legend:
 A = Non-vault XP
 B = Vault XP
 C = Vault XP percentage of total XP
 D = Non-vault monster count
 E = Vault monster count
 F = Vault count percentage of total count
                 A         B        C        D         E       F
            +---------+---------+-------+---------+---------+-------
      Total |    1092 |       6 |   0.5 |     105 |       3 |   2.8
            +---------+---------+-------+---------+---------+-------
        D:1 |      36 |       6 |  14.3 |      23 |       3 |  11.5
        D:2 |      93 |       0 |   0.0 |      28 |       0 |   0.0
        D:3 |     110 |       0 |   0.0 |      22 |       0 |   0.0
        D:4 |     738 |       0 |   0.0 |      27 |       0 |   0.0
        D:5 |     115 |       0 |   0.0 |       5 |       0 |   0.0
            +---------+---------+-------+---------+---------+-------
